 Dungeon Crawl Stone Soup version 0.19-a0-683-g5f2401d (webtiles) character file.

1649 Krapule the Spear-Bearer (level 9, -4/65 HPs)
             Began as a Merfolk Skald on June 17, 2016.
             Slain by an orc warrior
             ... wielding a +0 hand axe
              (18 damage)
             ... on level 6 of the Dungeon.
             The game lasted 00:36:08 (9138 turns).

Krapule the Spear-Bearer (Merfolk Skald)            Turns: 9138, Time: 00:36:09

Health: -4/65      AC:  5    Str: 12    XL:     9   Next: 0%
Magic:  12/13      EV: 18    Int: 12    God:
Gold:   272        SH:  0    Dex: 16    Spells: 2 memorised, 10 levels left

rFire  . . .     SeeInvis .     a - +0 spear
rCold  . . .     Gourm    .     b - +0 leather armour
rNeg   . . .     Faith    .     (no shield)
rPois  .         Spirit   .     (no helmet)
rElec  .         Dismiss  +     q - +0 cloak
rCorr  .         Reflect  .     p - +0 pair of gloves
SustAt +         Harm     .     (no boots)
MR     .....                    e - amulet of dismissal
Stlth  ++........               C - +2 ring of evasion
                                h - ring of sustain attributes

@: not resistant to hostile enchantments, unstealthy
A: change form in water, swift swim
a: no special abilities


You were on level 6 of the Dungeon.
You were not hungry.

You visited 2 branches of the dungeon, and saw 8 of its levels.

You collected 272 gold pieces.

Inventory:

Hand Weapons
 a - a +0 spear (weapon)
Armour
 b - a +0 leather armour (worn)
 p - a +0 pair of gloves (worn)
 q - a +0 cloak (worn)
 E - a +0 shield
Jewellery
 e - an amulet of dismissal (around neck)
 h - a ring of sustain attributes (left hand)
 C - a +2 ring of evasion (right hand)
Wands
 D - a wand of digging (13/24)
Scrolls
 j - 3 scrolls of identify
 k - a scroll of blinking {unknown}
 l - 3 scrolls of remove curse {unknown}
 m - 2 scrolls of magic mapping {unknown}
 o - a scroll of random uselessness {unknown}
 s - a scroll of enchant armour {unknown}
 t - a scroll of fear {unknown}
 u - a scroll of recharging {unknown}
 v - 2 scrolls of immolation {unknown}
 y - a scroll of amnesia {unknown}
 A - a scroll of teleportation {unknown}
Potions
 f - 2 potions of agility
 i - a potion of berserk rage
 n - 2 potions of curing
 r - a potion of might
 z - a potion of cure mutation
 B - a potion of brilliance
Books
 c - a book of Battle

   Spells                             Type                      Level
   a - Infusion                       Charms                       1
   b - Shroud of Golubria             Charms/Translocation         2
   c - Song of Slaying                Charms                       2
   d - Spectral Weapon                Hexes/Charms                 3
   e - Regeneration                   Charms/Necromancy            3
Comestibles
 d - 4 bread rations
 g - 4 meat rations
 w - 3 beef jerkies
 x - a slice of pizza


   Skills:
 - Level 4.0 Fighting
 + Level 8.2 Polearms
 - Level 1.0 Armour
 + Level 7.4 Dodging
 - Level 4.0 Stealth
 - Level 3.0 Spellcasting
 + Level 3.5 Hexes
 + Level 5.4 Charms


You had 10 spell levels left.
You knew the following spells:

 Your Spells              Type           Power        Failure   Level  Hunger
a - Infusion              Chrm           ##..         3%          1    #......
b - Spectral Weapon       Hex/Chrm       ##......     17%         3    ###....


Dungeon Overview and Level Annotations

Branches:
Dungeon (7/15)             Temple (1/1) D:6

Altars:
Ashenzari
Cheibriados
Dithmenos
Fedhas
Gozag
Kikubaaqudgha
Makhleb
Nemelex Xobeh
Okawaru
Pakellas
Qazlal
Ru
Sif Muna
Trog
Uskayaw
Vehumet
Yredelemnul
Zin
The Shining One

Shops:
D:2 }   D:5 *

Annotations:
D:7 CcS's ghost, novice MiGl


Message History

You closely miss the orc warrior.
The orc warrior is heavily wounded.
The orc warrior hits you with a hand axe!
* * * LOW HITPOINT WARNING * * *
You hit the orc warrior but do no damage.
The orc warrior is heavily wounded.
The orc warrior completely misses you.
You hit the orc warrior.
The orc warrior is heavily wounded.
You barely miss the orc warrior.
The orc warrior is heavily wounded.
The orc warrior barely misses you.
An ice beast comes into view.
You hit the orc warrior but do no damage.
The orc warrior is heavily wounded.
The orc warrior hits you with a hand axe!
* * * LOW HITPOINT WARNING * * *
You feel better.
The orc warrior hits you with a hand axe!!
You die...

....# #.########### #.#
#. ....# #.#.........#
#.# #. #.#.#
#.#.#######.# #.# #.
.#..# #.#.# #.# #.# #.
###.# #.#Y# #.# #.# #.
.#..# #.#[# #.# #.# #.
#.#.# ##.#.# #.# #.# ##.
###.#######....#######.#
#.####..
#............o@......#
#.......
#########...#######..#
####.##. # ##.## #..#
#≈.§#. # ### #..###
##.##. ## #....# #≈>≈#.
.# #.##.# ##.##. .#
#.##.# #≈.≈## .# ##.##.#
##.### .# #...#.# #.#.#


You could see an orc warrior.

Vanquished Creatures
  A water moccasin (D:5)
  A sky beast (D:6)
  An ogre (D:5)
  A necrophage (D:5)
  Blork the orc (D:4)
  4 scorpions
  A howler monkey (D:5)
  2 giant frog zombies (D:5)
  A crimson imp (D:6)
  A jelly (D:5)
  6 hounds
  An orc priest (D:7)
  Jessica (D:3)
  Ijyb (D:2)
  An iguana (D:6)
  4 orc wizards
  5 worker ants
  A hound zombie (D:5)
  3 gnolls (D:3)
  4 river rats (D:5)
  7 adders
  2 shadow imps
  2 oozes (D:2)
  An adder zombie (D:6)
  An adder skeleton (D:4)
  4 worms
  3 dart slugs
  5 giant geckos
  19 orcs
  6 bats
  7 giant cockroaches
  6 goblins
  7 hobgoblins
  4 jackals (D:4)
  2 quokkas (D:3)
  7 giant newts
  6 kobolds
  28 rats
158 creatures vanquished.

Notes
Turn   | Place    | Note
--------------------------------------------------------------
     0 | D:1      | Krapule the Merfolk Skald began the quest for the Orb.
     0 | D:1      | Reached XP level 1. HP: 16/16 MP: 3/3
   176 | D:1      | Reached skill level 1 in Armour
   176 | D:1      | Reached XP level 2. HP: 21/22 MP: 5/5
   980 | D:2      | Found a faded altar of an unknown god.
  1019 | D:2      | Reached XP level 3. HP: 8/28 MP: 2/6
  1552 | D:2      | Noticed Ijyb
  1579 | D:2      | Killed Ijyb
  1579 | D:2      | Reached skill level 1 in Stealth
  1579 | D:2      | Reached XP level 4. HP: 29/34 MP: 0/7
  1821 | D:2      | Reached skill level 4 in Polearms
  2092 | D:2      | Found an oddly glowing altar of Pakellas.
  2092 | D:2      | Found Pakellas's Prime Provisions.
  2271 | D:3      | Found a radiant altar of Vehumet.
  2385 | D:3      | Reached XP level 5. HP: 34/40 MP: 3/8
  2744 | D:3      | Found an iron altar of Okawaru.
  3054 | D:3      | Noticed Jessica
  3065 | D:3      | Killed Jessica
  3302 | D:3      | Reached XP level 6. HP: 47/47 MP: 7/9
  3405 | D:4      | Learned a level 3 spell: Spectral Weapon
  3909 | D:4      | Reached skill level 1 in Hexes
  4329 | D:4      | Found a snail-covered altar of Cheibriados.
  4332 | D:4      | Found an oddly glowing altar of Pakellas.
  4346 | D:4      | Found a deep blue altar of Sif Muna.
  4349 | D:4      | Found a hide-covered altar of Uskayaw.
  4478 | D:4      | Reached skill level 5 in Polearms
  4672 | D:4      | Noticed Blork the orc
  4838 | D:4      | Killed Blork the orc
  4838 | D:4      | Reached skill level 5 in Charms
  4838 | D:4      | Reached XP level 7. HP: 49/54 MP: 6/10
  5440 | D:5      | Entered Level 5 of the Dungeon
  6197 | D:5      | Reached skill level 5 in Dodging
  6205 | D:5      | Found Kaimpyul's General Store.
  6751 | D:5      | Reached skill level 6 in Polearms
  6983 | D:5      | Reached XP level 8. HP: 58/60 MP: 12/12
  7400 | D:6      | Reached skill level 7 in Polearms
  7668 | D:6      | Found a staircase to the Ecumenical Temple.
  7673 | Temple   | Entered the Ecumenical Temple
  7923 | D:6      | Found a shadowy altar of Dithmenos.
  8705 | D:6      | Reached skill level 8 in Polearms
  8925 | D:7      | Reached XP level 9. HP: 43/65 MP: 3/13
  8983 | D:7      | Noticed CcS's ghost (novice MiGl)
  9134 | D:6      | HP: 2/65 [orc warrior/hand axe (16)]
  9138 | D:6      | Slain by an orc warrior

Vault maps used:
D:1:      saegor_arrival_under_anarchy, minmay_misc_feat_roman
D:2:      ecumenical_altar_1, johnstein_pakellas_shop, uniq_iyjb
D:3:      vehumet_crystals, okawaru_ov_weapons_minmay, uniq_jessica
D:4:      grunt_temple_overflow_cloverleaf, first_bread, uniq_blork_the_orc
D:5:      lemuel_ratsnest, serial_shops,
          nicolae_shop_temple_entry_statues_fountains, serial_bayou_lake_a
D:6:      grunt_dithmenos_smoke_and_mirrors, minmay_temple_entry_metal_lava
D:7:      minmay_hedge_maze, uniq_pikel
Temple:   minmay_freezing_vapour_temple_12

Skill      XL: |  1  2  3  4  5  6  7  8 |
---------------+-------------------------+-----
Armour         | 1 |  1.0
Dodging        | 2 3 4 5 7 |  7.4
Stealth        | 1 2 3 4 |  4.0
Polearms       | 4 5 6 8 |  8.2
Fighting       | 3 4 |  4.0
Charms         | 4 5 |  5.4
Hexes          | 1 2 3 |  3.5
Spellcasting   | 3 |  3.0

Action                   |  1- 3 |  4- 6 |  7- 9 || total
-------------------------+-------+-------+-------++-------
Melee: Spear             |   130 |   329 |   636 ||  1095
       Tailslap          |       |       |     3 ||     3
 Cast: Infusion          |     2 |    10 |    12 ||    24
       Spectral Weapon   |       |     1 |     5 ||     6
  Use: Potion            |       |       |     3 ||     3
       Scroll            |       |       |     5 ||     5
 Stab: Sleeping          |     3 |     5 |     5 ||    13
       Distracted        |       |       |     3 ||     3
  Eat: Chunk             |     2 |    11 |    12 ||    25
       Pizza             |       |       |     2 ||     2
Armor: Leather armour    |    19 |    48 |    73 ||   140
Dodge: Dodged            |    54 |   130 |   337 ||   521
